 Dungeon Crawl Stone Soup version 0.21.0-3-g78d12a8 (console) character file.

879 nht the Grappler (level 7, -1/66 HPs)
             Began as a Troll Berserker on Jan 11, 2018.
             Was a Priest of Trog.
             Slain by ahub's ghost (2 damage)
             ... on level 4 of the Dungeon.
             The game lasted 00:04:01 (2547 turns).

nht the Grappler (Troll Berserker)                  Turns: 2547, Time: 00:04:03

Health: -1/66      AC:  7    Str: 28    XL:     7   Next: 75%
Magic:  6/6        EV:  6    Int:  3    God:    Trog [***...]
Gold:   218        SH:  0    Dex:  9    Spells: 6/6 levels left

rFire    . . .     SeeInvis .     - Unarmed
rCold    . . .     Gourm    +   (no shield)
rNeg     . . .     Faith    .   a - +0 animal skin
rPois    .         Spirit   .   (helmet restricted)
rElec    .         Reflect  .   (no cloak)
rCorr    .         Harm     .   (gloves unavailable)
MR       .....                  (boots unavailable)
Stlth    +.........             (no amulet)
HPRegen  0.61/turn              (no ring)
MPRegen  0.10/turn              (no ring)

@: berserk cooldown, very slightly contaminated, held, slowed, invisible, very
slow
A: large, unfitting armour, claws 3, repulsion field 1, iridescent scales 1,
fast metabolism 3, gourmand, regeneration 1, shaggy fur 1, tough skin 2
a: Berserk, Trog's Hand, Burn Spellbooks, Renounce Religion


You were on level 4 of the Dungeon.
You worshipped Trog.
Trog was most pleased with you.
You were very full.

You visited 2 branches of the dungeon, and saw 5 of its levels.

You collected 218 gold pieces.

Inventory:

Armour
 a - a +0 animal skin (worn)
Magical Staves
 m - an uncursed staff of conjuration {unknown}
Scrolls
 e - 5 scrolls of identify {unknown}
 h - 4 scrolls of teleportation {unknown}
 k - 2 scrolls of remove curse {unknown}
 o - 3 scrolls of fog {unknown}
Potions
 g - 3 potions of curing
 i - a potion of mutation
Comestibles
 b - 8 rations
 c - 2 chunks of flesh


   Skills:
 - Level 2.4 Fighting
 - Level 2.4 Dodging
 + Level 9.4 Unarmed Combat


You had 6 spell levels left.
You didn't know any spells.

Dungeon Overview and Level Annotations

Branches:
Dungeon (4/15)             Temple (1/1) D:4

Altars:
Cheibriados
Elyvilon
Fedhas
Qazlal
Uskayaw
Vehumet
Wu Jian
Yredelemnul

Annotations:
D:4 ahub's ghost, weakling SpMo


Innate Abilities, Weirdness & Mutations

You are too large for most types of armour.
You have claws for hands.
Your metabolism is lightning-fast.
You like to eat raw meat.
Your natural rate of healing is unusually fast.
You are covered in fur. (AC +1)
You have very tough skin. (AC +2)
You are surrounded by a mild repulsion field. (EV +2)
You are partially covered in iridescent scales. (AC +2)


Message History

You struggle against the net.
The gnoll hits you but does no damage.
The gnoll hits you from afar with a spear.
* * * LOW HITPOINT WARNING * * *
The gnoll barely misses you. Ahub's ghost hits you.
* * * LOW HITPOINT WARNING * * *
The gnoll hits you with a flail.
* * * LOW HITPOINT WARNING * * *
The gnoll barely misses you.
Unknown command.
You feel better. The gnoll barely misses you.
Ahub's ghost hits you but does no damage.
The gnoll hits you with a whip.
* * * LOW HITPOINT WARNING * * *
The gnoll hits you with a flail!
* * * LOW HITPOINT WARNING * * *
The gnoll hits you but does no damage. The gnoll barely misses you.
The gnoll hits you with a whip.
* * * LOW HITPOINT WARNING * * *
Ahub's ghost hits you.
You die... ...........<....))...(..... ████████████████.█.....███ █.█.███.█ ███████.█.███..█ █..............█ █████

.███.....███..█
..... █
█≈≈≈≈≈≈≈≈≈█ ██
████.
█.█≈█..$.(█≈█.█
█..≈.......≈..█
█..≈.......≈..█
...≈..W@g..≈....
█..≈...g...≈..██
█..≈...gg..≈...
█.█≈█.....█≈█..
█.█≈≈≈≈≈≈≈≈≈█..
.█ ███.....███
.█ ....... .█
██.█.█..█ ████.█
...█.█ ██.█.█


You could see ahub's ghost and 4 gnolls.

Vanquished Creatures
  A wyvern (D:4)
  A hungry ghost (D:3)
  An ogre (D:4)
  A phantom (D:4)
  A howler monkey (D:4)
  A centaur zombie (D:2)
  4 orc wizards (D:4)
  4 orc priests
  A worker ant (D:4)
  4 adders
  A howler monkey skeleton (D:4)
  3 worms
  2 dart slugs (D:1)
  2 leopard geckos
  11 orcs
  3 giant cockroaches
  8 goblins
  7 hobgoblins
  A quokka (D:2)
  7 bats
  11 frilled lizards
  12 kobolds
  13 rats
100 creatures vanquished.

Notes
Turn   | Place    | Note
-------+----------+-------------------------------------------
     0 | D:1      | nht the Troll Berserker began the quest for the Orb.
     0 | D:1      | Reached XP level 1. HP: 22/22 MP: 0/0
    80 | D:1      | Reached XP level 2. HP: 22/29 MP: 1/1
   292 | D:1      | Reached skill level 4 in Unarmed Combat
   313 | D:1      | Reached ** piety under Trog
   599 | D:1      | Reached XP level 3. HP: 36/36 MP: 2/2
   864 | D:2      | Reached XP level 4. HP: 32/44 MP: 3/3
   907 | D:2      | Reached skill level 5 in Unarmed Combat
  1210 | D:2      | Found a snail-covered altar of Cheibriados.
  1632 | D:3      | Reached *** piety under Trog
  1670 | D:3      | Reached XP level 5. HP: 38/50 MP: 4/4
  1735 | D:3      | Reached skill level 6 in Unarmed Combat
  1774 | D:3      | Noticed a hungry ghost
  1787 | D:3      | Killed a hungry ghost
  1787 | D:3      | Reached XP level 6. HP: 59/59 MP: 5/5
  1902 | D:3      | Reached skill level 7 in Unarmed Combat
  1982 | D:3      | Found a white marble altar of Elyvilon.
  1982 | D:3      | Found a hide-covered altar of Uskayaw.
  2003 | D:3      | Found an ornate altar of the Wu Jian Council.
  2318 | D:4      | Reached skill level 8 in Unarmed Combat
  2324 | D:4      | Reached XP level 7. HP: 40/66 MP: 6/6
  2444 | D:4      | Noticed a wyvern
  2458 | D:4      | Gained mutation: You are surrounded by a mild repulsion field. (EV +2) [potion of mutation]
  2458 | D:4      | Gained mutation: You are partially covered in iridescent scales. (AC +2) [potion of mutation]
  2463 | D:4      | Killed a wyvern
  2463 | D:4      | Reached skill level 9 in Unarmed Combat
  2486 | D:4      | Found a staircase to the Ecumenical Temple.
  2491 | D:4      | Noticed ahub's ghost (weakling SpMo)
  2495 | Temple   | Entered the Ecumenical Temple
  2547 | D:4      | HP: 2/66 [gnoll/flail (8)]
  2547 | D:4      | Slain by ahub's ghost

Skill      XL: |  1  2  3  4  5  6  7 |
---------------+----------------------+-----
Unarmed Combat | 4 5 6 8 9 |  9.4
Fighting       | |  2.4
Dodging        | |  2.4

Action                   |  1- 3 |  4- 6 |  7- 9 || total
-------------------------+-------+-------+-------++-------
Melee: Unarmed           |    93 |   159 |    38 ||   290
       Punch             |     4 |     4 |       ||     8
Invok: Berserk           |       |     1 |     3 ||     4
  Use: Potion            |       |     2 |     9 ||    11
  Eat: Chunk             |    13 |    24 |     4 ||    41
Armor: Animal skin       |    35 |    42 |    26 ||   103
       Skin              |       |     5 |     6 ||    11
Dodge: Dodged            |    51 |    75 |    38 ||   164
